 Dungeon Crawl Stone Soup version 0.31-a0-151-ge443d1f16c (webtiles) character file.

Game seed: 1703820248549754340

59 qw the Shooter (level 4, -6/27 HPs)
             Began as a Gargoyle Hunter on June 8, 2023.
             Mangled by Terence
             ... wielding a +3 flail of draining
              (10 damage)
             ... on level 2 of the Dungeon.
             The game lasted 00:00:30 (1291 turns).

qw the Shooter (Gargoyle Hunter)                    Turns: 1291, Time: 00:00:31

Health: -6/27      AC:  8    Str: 14    XL:     4   Next: 3%
Magic:  4/4        EV: 11    Int: 10    God:
Gold:   24         SH:  0    Dex: 15    Spells: 3/3 levels left

rFire   . . .        Y - +0 shortbow
rCold   . . .        (shield currently unavailable)
rNeg    + . .        d - +0 ring mail
rPois   inf          (no helmet)
rElec   +            (no cloak)
rCorr   .            (no gloves)
SInv    .            (no boots)
Will    .....        (no amulet)
Stlth   +            (no ring)
HPRegen 0.24/turn    (no ring)
MPRegen 0.09/turn

%: no passive effects
@: no status effects
A: sickness immunity, AC +3, negative energy resistance 1, electricity
resistance, torment resistance 1, petrification resistance
a: no special abilities


You were on level 2 of the Dungeon.
You visited 1 branch of the dungeon, and saw 2 of its levels.

You collected 63 gold pieces.
You spent 39 gold pieces at shops.


Innate Abilities, Weirdness & Mutations

You are immune to sickness and miasma.
Your stone body is resilient. (AC +3)
You are immune to poison.
You resist negative energy. (rN+)
You are resistant to electric shocks. (rElec)
You are resistant to unholy torment.
You are immune to petrification.


   Skills:
 + Level 2.7 Fighting
 - Level 5.0 Ranged Weapons
 - Level 1.5 Armour
 - Level 1.5 Dodging
 - Level 1.1 Stealth


You had 3 spell levels left.
You didn't know any spells.
Your spell library was empty.

Inventory:

Hand Weapons
 Y - a +0 shortbow (weapon)
Armour
 b - a +0 helmet
 d - a +0 ring mail (worn)
Scrolls
 c - a scroll of poison {unknown}
 j - a scroll of amnesia {unknown}
Potions
 a - 2 potions of mutation {unknown}
 e - a potion of attraction {unknown}
 f - a potion of might {unknown}
 g - a potion of degeneration {unknown}
 h - a potion of heal wounds {unknown}
 i - a potion of curing

Dungeon Overview and Level Annotations

Branches:
Dungeon (2/15)

Altars:

Shops:
D:2 !

Annotations:
D:2 Terence


Message History

Terence the Incautious comes into view.
He is wielding a +3 flail of draining and wearing a +2 chain mail of willpower.
Enter note:
Enter note:
Enter note:
Enter note:
Enter note:
Enter note:
Enter note:
Enter note:
Enter note: You shoot an arrow.
The arrow hits Terence.
Terence shouts!
Terence is moderately wounded.
You shoot an arrow.
The arrow hits Terence but does no damage.
Terence is moderately wounded.
You shoot an arrow.
The arrow hits Terence but does no damage.
Terence is moderately wounded.
You shoot an arrow. The arrow hits Terence.
Terence is heavily wounded.
Terence misses you.
You shoot an arrow. The arrow barely misses Terence.
Terence hits you with a +3 flail of draining.
You shoot an arrow.
The arrow hits Terence but does no damage.
Terence is heavily wounded.
Terence completely misses you.
Terence drinks a potion.
Terence goes berserk!
You shoot an arrow.
The arrow hits Terence but does no damage.
Terence is heavily wounded.
Terence hits you with a +3 flail of draining.
Terence hits you with a +3 flail of draining!
You shoot an arrow. The arrow closely misses Terence.
Terence hits you with a +3 flail of draining!
You shoot an arrow.
The arrow hits Terence but does no damage.
Terence is moderately wounded.
Terence hits you with a +3 flail of draining!
You die...

#..........#
######....##
#.(...###### #.#####
.. #.# .# ########.#
.# #....##..# .#
.....#..#########@####
#....#.###......@....#
#....#.# #...........#
#....#.# #...........#
#....#.###..........)#
#..............).....#
#......###...........#
#.......##############
###.........#
###.#.......#


You could see Terence (berserk).

Vanquished Creatures
  2 adders (D:2)
  A dart slug (D:2)
  7 endoplasms
  A giant cockroach (D:2)
  2 goblins (D:2)
  3 hobgoblins
  4 kobolds
  A quokka (D:2)
  8 ball pythons
  3 bats
  3 frilled lizards
  3 rats
38 creatures vanquished.

Notes
Turn   | Place    | Note
-------+----------+-------------------------------------------
     0 | D:1      | qw the Gargoyle Hunter began the quest for the Orb.
     0 | D:1      | Reached XP level 1. HP: 12/12 MP: 1/1
     0 | D:1      | 0 ||| qw: Version: 0.2-a-120-gdf1a93b
     0 | D:1      | 0 ||| qw: Game counter: 3032
     0 | D:1      | 0 ||| qw: Always use a shield: true
     0 | D:1      | 0 ||| qw: God list: Okawaru
     0 | D:1      | 0 ||| qw: Allow faded altars: false
     0 | D:1      | 0 ||| qw: Do Orc after D:15 true
     0 | D:1      | 0 ||| qw: Do second Lair branch before Depths: true
     0 | D:1      | 0 ||| qw: Lair rune preference: random
     0 | D:1      | 0 ||| qw: Plans: Normal
     0 | D:1      | 0 ||| PLANNING D:1-11
   260 | D:1      | Reached XP level 2. HP: 17/17 MP: 2/2
   608 | D:1      | 608 ||| UPGRADING to +0 ring mail.
   618 | D:1      | 618 ||| DROPPING +0 leather armour.
   619 | D:1      | 619 ||| READING scroll labelled UZXIZI QAAD.
   620 | D:1      | 620 ||| DRINKING 2 sedimented clear potions.
   621 | D:1      | 621 ||| DROPPING scroll of butterflies.
   622 | D:1      | 622 ||| DROPPING potion of enlightenment.
   735 | D:2      | Found a faded altar of an unknown god.
   752 | D:2      | Reached skill level 1 in Armour
   752 | D:2      | Reached XP level 3. HP: 18/21 MP: 3/3
   965 | D:2      | Reached skill level 5 in Ranged Weapons
  1165 | D:2      | Found Mapsaile's Distillery.
  1173 | D:2      | 1173 ||| BUYING potion of curing (39 gold).
  1173 | D:2      | Bought a potion of curing for 39 gold pieces
  1173 | D:2      | 1173 ||| SHOPLISTING potion of haste (130 gold, have 24).
  1173 | D:2      | 1173 ||| SHOPLISTING potion of heal wounds (65 gold, have
                  | 24).
  1173 | D:2      | 1173 ||| SHOPLISTING potion of mutation (104 gold, have
                  | 24).
  1173 | D:2      | 1173 ||| SHOPLISTING potion of resistance (130 gold, have
                  | 24).
  1181 | D:2      | Reached XP level 4. HP: 27/27 MP: 4/4
  1282 | D:2      | Noticed Terence
  1290 | D:2      | HP: 3/27 [Terence/+3 flail of draining (13)]
  1291 | D:2      | Mangled by Terence

Levels and vault maps discovered:
D:1:      saegor_arrival_simple_e, layout_basic
D:2:      minmay_evil_eye, layout_basic, nicolae_ecumenical_snake_handling,
          serial_shops, nicolae_shop_industrial_runoff, uniq_terence

Skill      XL: |  1  2  3 |
---------------+----------+-----
Armour         | 1 |  1.5
Ranged Weapons | 5 |  5.0
Fighting       | |  2.7
Dodging        | |  1.5
Stealth        | |  1.1

Action                     |  1- 3 |  4- 6 || total
---------------------------+-------+-------++-------
   Fire: Shortbow          |   106 |    14 ||   120
    Use: Scroll            |     1 |       ||     1
         Potion            |     1 |       ||     1
 Armour: Ring mail         |    21 |       ||    21
  Dodge: Dodged            |    33 |     2 ||    35

Table legend:
 A = Non-vault XP
 B = Vault XP
 C = Vault XP percentage of total XP
 D = Non-vault monster count
 E = Vault monster count
 F = Vault count percentage of total count
                 A         B        C        D         E       F
            +---------+---------+-------+---------+---------+-------
      Total |      45 |      40 |  47.1 |      27 |      11 |  28.9
            +---------+---------+-------+---------+---------+-------
        D:1 |      17 |       0 |   0.0 |      12 |       0 |   0.0
        D:2 |      28 |      40 |  58.8 |      15 |      11 |  42.3
            +---------+---------+-------+---------+---------+-------
